 Dungeon Crawl Stone Soup version 0.31.0-12-g77e489cdc1 (webtiles) character file.

Game seed: 13452037505532952984

7171 pepequinho the Cleaver (level 10, 0/93 HPs)
             Began as a Minotaur Berserker on Feb 12, 2024.
             Was a High Priest of Trog.
             Slain by a two-headed ogre
             ... wielding a +0 giant club
              (22 damage)
             ... on level 9 of the Dungeon.
             The game lasted 00:57:38 (9990 turns).

pepequinho the Cleaver (Minotaur Berserker)         Turns: 9990, Time: 00:57:39

Health: 0/93       AC: 17    Str: 30    XL:     10   Next: 86%
Magic:  3/3        EV: 15    Int:  4    God:    Trog [*****.]
Gold:   481        SH:  5    Dex: 15    Spells: 9/9 levels left

rFire   + . .        Z - +3 great sword (antimagic)
rCold   x . .        (shield currently unavailable)
rNeg    + . .        k - +0 plate armour
rPois   .            (helmet restricted)
rElec   +            p - +0 cloak of the Harvest {rN+ Slay+2}
rCorr   .            (no gloves)
SInv    .            x - +0 pair of boots
Will    .....        y - amulet of reflection Stlth
                     K - ring of Starshine {Fire rElec Str+3 Dex+6 Slay-2}
HPRegen 0.35/turn    a - +5 ring of evasion
MPRegen 0.08/turn

%: reflection
@: mighty
A: horns 2, retaliatory headbutt
a: Renounce Religion, Berserk, Trog's Hand, Brothers in Arms


You were on level 9 of the Dungeon.
You worshipped Trog.
Trog was extremely pleased with you.
You visited 2 branches of the dungeon, and saw 10 of its levels.
You also visited: Bailey.

You collected 481 gold pieces.

Inventory:

Hand Weapons
 b - a +4 trident of draining
 g - a +1 glaive of flaming
 m - the +4 dagger of Dismay {vamp, rN+ Str+4}
   (You found it on level 8 of the Dungeon)

   Str+4:     It affects your strength (+4).
   rN+:       It protects you from negative energy.
 u - a +0 scythe
 B - a +3 quarterstaff of chaos
 J - a +0 morningstar
 T - a +2 war axe of freezing
 X - a +0 orcbow
 Z - a +3 antimagic great sword (weapon)
Missiles
 A - 3 silver javelins
Armour
 h - +0 steam dragon scales
 k - a +0 plate armour (worn)
 p - the +0 cloak of the Harvest (worn) {rN+ Slay+2}
   (You found it on level 2 of the Dungeon)

   Slay+2:    It affects your accuracy & damage with ranged weapons and melee
   (+2).
   rN+:       It protects you from negative energy.
 v - a +0 plate armour
 x - a +0 pair of boots (worn)
 S - a +0 cloak
Jewellery
 a - a +5 ring of evasion (right hand)
 e - an amulet of the acrobat
 y - an amulet of reflection (around neck)
 K - the ring of Starshine (left hand) {Fire rElec Str+3 Dex+6 Slay-2}
   (You found it on level 5 of the Dungeon)

   [ring of fire]

   Fire:      It enhances your fire magic.
   Str+3:     It affects your strength (+3).
   Dex+6:     It affects your dexterity (+6).
   Slay-2:    It affects your accuracy & damage with ranged weapons and melee
   (-2).
   rF+:       It protects you from fire.
   rC-:       It makes you vulnerable to cold.
   rElec:     It insulates you from electricity.
 R - a ring of protection from cold
 Y - a +6 ring of dexterity
Talismans
 O - a serpent talisman
Wands
 f - a wand of polymorph (4)
 w - a wand of light (19)
 D - a wand of charming (5)
 F - a wand of flame (54)
 I - a wand of roots (16)
Scrolls
 d - 3 scrolls of amnesia {unknown}
 i - 5 scrolls of identify {unknown}
 j - 4 scrolls of enchant armour
 l - 2 scrolls of fog {unknown}
 n - a scroll of revelation {unknown}
 q - a scroll of immolation {unknown}
 r - a scroll of enchant weapon {unknown}
 N - 2 scrolls of teleportation {unknown}
 Q - a scroll of noise {unknown}
 U - 3 scrolls of fear {unknown}
 V - a scroll of summoning {unknown}
Potions
 o - 2 potions of attraction
 t - a potion of haste {unknown}
 z - 4 potions of might
 E - a potion of berserk rage {unknown}
 H - 6 potions of heal wounds {unknown}
 M - a potion of degeneration {unknown}
 P - a potion of mutation {unknown}
 W - a potion of magic {unknown}


   Skills:
 + Level 10.0 Fighting
 + Level 0.1 Long Blades
 + Level 14.3 Axes
 + Level 9.8 Armour
 + Level 4.0 Dodging
 + Level 1.6 Stealth
 + Level 2.1 Shields
 + Level 0.6 Unarmed Combat


You had 9 spell levels left.
You didn't know any spells.
Your spell library contained the following spells:

 Spells                   Type           Power      Damage    Failure   Level
 Magic Dart               Conj           0%         1d3       99%         1
 Blink                    Tloc           0%         N/A       99%         2
 Call Imp                 Summ           0%         N/A       99%         2
 Searing Ray              Conj           0%         2d4       99%         2
 Tukima's Dance           Hex            0%         N/A       100%        3
 Dimensional Bullseye     Hex/Tloc       0%         N/A       100%        4
 Fulminant Prism          Conj/Alch      0%         3d5       100%        4
 Iskenderun's Mystic Bla  Conj/Tloc      0%         2d3       100%        4


Dungeon Overview and Level Annotations

Branches:
Dungeon (9/15)             Temple (1/1) D:7          Bailey (visited)
   Lair: D:8-11         Orc: D:9-12

Altars:
Ashenzari
Cheibriados
Dithmenos
Elyvilon
Fedhas
Gozag
Hepliaklqana
Kikubaaqudgha
Nemelex Xobeh
Okawaru
Qazlal
Ru
Sif Muna
Trog
Uskayaw
Vehumet
Wu Jian
Xom
Yredelemnul
Zin
The Shining One

Shops:
D:5 [

Annotations:
D:7 exclusion: oklob sapling


Innate Abilities, Weirdness & Mutations

You have a pair of horns on your head.
You reflexively headbutt those who attack you in melee.


Message History

You barely miss the two-headed ogre.
The two-headed ogre is lightly wounded.
The wyvern barely misses you.
The two-headed ogre hits you with a +0 giant club!
The two-headed ogre closely misses you. The wyvern misses you.
You hit the two-headed ogre.
The two-headed ogre is lightly wounded.
The wyvern misses you. The two-headed ogre barely misses you.
You furiously retaliate!
You headbutt the two-headed ogre. The two-headed ogre misses you.
The wyvern bites you but does no damage.
The wyvern closely misses you.
The two-headed ogre hits you but does no damage.
The two-headed ogre barely misses you.
You closely miss the two-headed ogre.
The two-headed ogre is moderately wounded.
The wyvern bites you!
The wyvern bites you but does no damage.
The two-headed ogre closely misses you.
The two-headed ogre hits you with a +0 giant spiked club!!
The wyvern misses you.
You barely miss the two-headed ogre.
The two-headed ogre is moderately wounded.
The wyvern closely misses you. The wyvern barely misses you.
You furiously retaliate!
You headbutt the wyvern.
The two-headed ogre hits you with a +0 giant club!
The two-headed ogre hits you with a +0 giant spiked club.
You hit the two-headed ogre. You headbutt the two-headed ogre!
The two-headed ogre is heavily wounded.
The wyvern bites you!
* * * LOW HITPOINT WARNING * * *
The wyvern bites you.
* * * LOW HITPOINT WARNING * * *
The two-headed ogre barely misses you. You block the two-headed ogre's attack.
The wyvern misses you.
It was a potion of might.
You feel very mighty all of a sudden. The wyvern completely misses you.
The two-headed ogre hits you with a +0 giant club!!
You die...

#.......#
#.......#
##'######
#...#
####.##
#.....#
#.....#
#.....#
#.O@..#
#.k...#
.........#
####.....#
#######


You could see a two-headed ogre and a wyvern.

Vanquished Creatures
  An orc knight (Bailey)
  An orc sorcerer (Bailey)
  Jeremiah (D:7)
  A kobold demonologist (Bailey)
  Maggie (D:7)
  Sigmund (D:2)
  Eustachio (D:4)
  2 wyverns
  A steam dragon (D:8)
  Duvessa (D:4)
  3 water moccasins
  A black bear (D:8)
  An ice beast (D:7)
  13 orc warriors (Bailey)
  3 sky beasts
  2 ogres
  2 centaurs
  2 phantoms (D:5)
  A kobold brigand (D:6)
  Blork the orc (D:6)
  2 bullfrogs
  4 wights (D:9)
  Dowan (D:4)
  8 killer bees
  4 howler monkeys (D:7)
  5 electric eels
  2 bombardier beetles (D:6)
  6 hounds
  2 jellies
  An orc priest (D:3)
  Crazy Yiuf (D:3)
  3 iguanas
  Jessica (D:3)
  A gnoll bouda (D:6)
  Natasha (twice) (D:2)
  Terence (D:3)
  5 orc wizards
  2 sleepcaps
  5 adders
  6 gnolls
  A shadow imp (D:5)
  2 white imps
  6 ufetubi (D:7)
  2 dart slugs
  3 ribbon worms
  24 orcs
  13 ball pythons
  6 endoplasms
  A giant cockroach (D:1)
  9 goblins
  21 hobgoblins
  8 jackals
  4 quokkas
  A bat (D:1)
  5 frilled lizards
  5 kobolds
  13 rats
226 creatures vanquished.

Notes
Turn   | Place    | Note
-------+----------+-------------------------------------------
     0 | D:1      | pepequinho the Minotaur Berserker began the quest for the
                  | Orb.
     0 | D:1      | Reached XP level 1. HP: 19/19 MP: 0/0
   191 | D:1      | Reached XP level 2. HP: 27/27 MP: 1/1
   744 | D:1      | Reached ** piety under Trog
  1021 | D:1      | Reached XP level 3. HP: 32/33 MP: 2/2
  1097 | D:2      | Reached skill level 4 in Axes
  1533 | D:2      | Identified the +0 cloak of the Harvest {rN+ Slay+2}
  1635 | D:2      | Noticed Natasha
  1637 | D:2      | Killed Natasha
  1638 | D:2      | Reached XP level 4. HP: 41/41 MP: 3/3
  1671 | D:2      | Noticed Natasha
  1677 | D:2      | Killed Natasha
  1724 | D:2      | Noticed Sigmund
  1735 | D:2      | Killed Sigmund
  1736 | D:2      | Reached skill level 5 in Fighting
  1736 | D:2      | Reached skill level 5 in Axes
  1736 | D:2      | Reached XP level 5. HP: 13/48 MP: 4/4
  1736 | D:2      | Reached XP level 6. HP: 16/56 MP: 5/5
  2192 | D:3      | Noticed Terence
  2230 | D:3      | Noticed Jessica
  2241 | D:3      | Killed Jessica
  2376 | D:3      | Killed Terence
  2401 | D:3      | Reached *** piety under Trog
  2598 | D:3      | Reached skill level 6 in Axes
  2630 | D:3      | Found an ornate altar of the Wu Jian Council.
  2732 | D:3      | Found a runed translucent door.
  2733 | D:3      | Noticed Crazy Yiuf
  2739 | D:3      | Killed Crazy Yiuf
  3081 | D:4      | Found a blossoming altar of Fedhas.
  3372 | D:4      | Reached XP level 7. HP: 62/62 MP: 6/6
  3424 | D:4      | Found a transporter.
  3569 | D:4      | Noticed Duvessa
  3571 | D:4      | Noticed Dowan
  3579 | D:4      | Killed Duvessa
  3580 | D:4      | Reached skill level 7 in Axes
  3591 | D:4      | Killed Dowan
  3592 | D:4      | Reached skill level 5 in Armour
  3768 | D:4      | Found a transporter.
  3818 | D:4      | Reached skill level 1 in Stealth
  4087 | D:4      | Noticed Eustachio
  4108 | D:4      | Killed Eustachio
  4224 | D:4      | Reached skill level 8 in Axes
  4224 | D:4      | Reached XP level 8. HP: 23/71 MP: 7/7
  4786 | D:5      | Entered Level 5 of the Dungeon
  4946 | D:5      | Identified the ring of Starshine {Fire rElec Str+3 Dex+6
                  | Slay-2}
  5261 | D:5      | Found Usineigu's Antique Armour Shoppe.
  5491 | D:5      | Reached skill level 9 in Axes
  5797 | D:6      | Reached **** piety under Trog
  6259 | D:6      | Reached skill level 10 in Axes
  6259 | D:6      | Reached XP level 9. HP: 53/79 MP: 8/8
  6445 | D:6      | Noticed Blork the orc
  6452 | D:6      | Killed Blork the orc
  6991 | D:7      | Noticed Jeremiah
  7052 | D:7      | Killed Jeremiah
  7053 | D:7      | Reached skill level 11 in Axes
  7218 | D:7      | Noticed Maggie
  7243 | D:7      | Killed Maggie
  7244 | D:7      | Reached skill level 12 in Axes
  7244 | D:7      | Reached skill level 1 in Shields
  7361 | D:7      | Found a staircase to the Ecumenical Temple.
  7493 | Temple   | Entered the Ecumenical Temple
  7880 | D:7      | Found a shadowy altar of Dithmenos.
  8207 | D:8      | Identified the +4 dagger of Dismay {vamp, rN+ Str+4}
  8378 | D:8      | Found a basalt altar of Yredelemnul.
  8433 | D:8      | Found a flagged portal.
  8452 | Bailey   | Entered a bailey
  8467 | Bailey   | Reached XP level 10. HP: 79/90 MP: 9/9
  8479 | Bailey   | Reached ***** piety under Trog
  8550 | Bailey   | Noticed an orc knight
  8561 | Bailey   | Killed an orc knight
  8562 | Bailey   | Reached skill level 13 in Axes
  8810 | Bailey   | Noticed a rust devil
  8846 | Bailey   | Found an iron altar of Okawaru.
  8846 | Bailey   | Noticed an orc sorcerer
  8855 | Bailey   | Killed an orc sorcerer
  9272 | D:8      | Reached skill level 14 in Axes
  9688 | D:8      | Received a gift from Trog
  9945 | D:9      | Reached skill level 10 in Fighting
  9980 | D:9      | Noticed a two-headed ogre
  9990 | D:9      | Slain by a two-headed ogre

Illustrated notes

Levels and vault maps discovered:
D:1:      eino_arrival_cavern_b, layout_basic, serial_forest,
          infiniplex_forest_zigzag_1, infiniplex_forest_end_3,
          infiniplex_forest_lined_corner, infiniplex_forest_end_2,
          infiniplex_forest_clump_long, infiniplex_forest_corner_2
D:2:      layout_loops_corners, uniq_natasha, uniq_sigmund
D:3:      layout_basic, mainiacjoe_overflow_alcove_4, uniq_jessica,
          uniq_crazy_yiuf_cottage, uniq_terence
D:4:      gammafunk_steamed_eel, layout_loops_corners,
          mainiacjoe_overflow_tiny_flanked, uniq_eustachio, uniq_duvessa
D:5:      layout_basic, serial_shops, shop, minmay_bent
D:6:      layout_basic, minmay_crystal_room, uniq_blork_the_orc
D:7:      layout_cave_pools, nicolae_dithmenos_shadow_blocks,
          minmay_temple_entry_oklob, hangedman_abyss_or_decor_jellyfish_corner,
          uniq_maggie, uniq_jeremiah
D:8:      layout_basic, mainiacjoe_overflow_six_doors_small, enter_bailey_4
D:9:      layout_roguey, makhleb_altar_promises_db,
          grunt_lair_entry_orc_guard_hut, minmay_orc_entry_temple_large,
          uniq_grum
Temple:   nicolae_temple_bog_church

Skill      XL: |  1  2  3  4  5  6  7  8  9 10 |
---------------+-------------------------------+-----
Armour         | 3 4 5 7 8 9 |  9.8
Fighting       | 4 5 6 7 8 10 | 10.0
Axes           | 4 5 6 8 10 12 14 | 14.3
Dodging        | 3 4 |  4.0
Stealth        | 1 |  1.6
Shields        | 1 2 |  2.1
Long Blades    | |  0.1
Unarmed Combat | |  0.6

Action                     |  1- 3 |  4- 6 |  7- 9 | 10-12 || total
---------------------------+-------+-------+-------+-------++-------
  Melee: War axe           |    86 |    69 |   245 |    95 ||   495
         Hand axe          |    22 |       |       |       ||    22
         Headbutt          |    15 |    10 |    49 |    25 ||    99
         Punch             |       |     2 |       |     1 ||     3
         Unarmed           |       |       |     6 |       ||     6
         Great sword       |       |       |       |    15 ||    15
    Use: Potion            |       |       |     3 |     1 ||     4
 Armour: Leather armour    |    28 |       |       |       ||    28
         Animal skin       |     2 |       |       |       ||     2
         Plate armour      |    29 |    62 |   181 |    83 ||   355
         Skin              |       |       |     5 |       ||     5
  Dodge: Dodged            |    59 |    32 |   132 |    91 ||   314
  Block: Other             |       |       |    19 |    24 ||    43
         Reflection        |       |       |     4 |     2 ||     6
